 Dungeon Crawl Stone Soup version 0.30.0-15-g856e2d3f33 (webtiles) character file.

Game seed: 6730137767811593737

858 growler the Martial Artist (level 8, -5/54 HPs)
             Began as a Merfolk Transmuter on May 18, 2023.
             Slain by a gnoll
             ... wielding a +0 halberd
             ... led by a gnoll bouda
              (9 damage)
             ... on level 5 of the Dungeon.
             The game lasted 00:15:56 (4371 turns).

growler the Martial Artist (Merfolk Transmuter)     Turns: 4371, Time: 00:15:56

Health: -5/54      AC:  3    Str: 10    XL:     8   Next: 2%
Magic:  4/12       EV: 12    Int: 14    God:
Gold:   281        SH:  0    Dex: 15    Spells: 3/13 levels left

rFire   . .          .
                       - Unarmed
rCold   . . .        (no shield)
rNeg    . . .        a - +0 robe
rPois   .            (no helmet)
rElec   .            o - +0 cloak
rCorr   .            (no gloves)
SInv    .            (no boots)
Will    .....        (no amulet)
Stlth   +            (no ring)
HPRegen 0.29/turn    (no ring)
MPRegen 0.13/turn

%: no passive effects
@: weakened, wereblooded
A: (nimble swimmer 2), mertail
a: no special abilities


You were on level 5 of the Dungeon.
You visited 1 branch of the dungeon, and saw 6 of its levels.
You also visited: Sewer.

You collected 281 gold pieces.

Inventory:

Armour
 a - a +0 robe (worn)
 o - a +0 cloak (worn)
Jewellery
 i - the ring "Miaheib" {*Corrode rElec rC+ rN+}
   (You found it on level 2 of the Dungeon)

   [ring of protection from cold]

   rC:        It protects you from cold.
   rElec:     It insulates you from electricity.
   rN:        It protects you from negative energy.
   *Corrode:  It may corrode you when you take damage.
 k - a +6 ring of intelligence
 n - a ring of fire
Scrolls
 b - a scroll of butterflies
 c - 4 scrolls of teleportation
 d - 2 scrolls of blinking {unknown}
 h - a scroll of enchant armour {unknown}
 j - a scroll of immolation {unknown}
 l - a scroll of fog {unknown}
 m - a scroll of vulnerability {unknown}
 q - a scroll of magic mapping {unknown}
 s - 3 scrolls of noise {unknown}
 u - a scroll of identify {unknown}
 v - a scroll of amnesia {unknown}
Potions
 e - a potion of berserk rage {unknown}
 f - 5 potions of might {unknown}
 g - 3 potions of curing
 p - 2 potions of mutation {unknown}
 r - a potion of resistance {unknown}
 t - a potion of haste {unknown}
 w - 2 potions of brilliance {unknown}


   Skills:
 - Level 1.1 Fighting
 - Level 2.6 Dodging
 + Level 9.5 Unarmed Combat
 - Level 3.0 Spellcasting
 - Level 4.0 Transmutations


You had 3 spell levels left.
You knew the following spells:

 Your Spells              Type           Power      Damage    Failure   Level
a - Beastly Appendage     Tmut           26%        N/A       4%          1
b - Wereblood             Tmut           13%        N/A       6%          2
c - Spider Form           Tmut/Pois      7%         N/A       28%         3
d - Ice Form              Ice/Tmut       7%         N/A       67%         4

Your spell library contained the following spells:

 Spells                   Type           Power      Damage    Failure   Level
 Summon Small Mammal      Summ           8%         N/A       22%         1
 Cigotuvi's Dreadful Rot  Necr/Pois/Air  4%         N/A       32%         2
 Call Canine Familiar     Summ           2%         N/A       54%         3
 Summon Guardian Golem    Hex/Summ       2%         N/A       54%         3
 Dispel Undead            Necr           2%         3d7       91%         4
 Death Channel            Necr           1%         N/A       100%        6


Dungeon Overview and Level Annotations

Branches:
Dungeon (6/15)              Sewer (visited)
 Temple: D:4-7

Altars:
Trog
Vehumet

Annotations:
D:5 3 runed translucent doors, SecretSquirrel's ghost, novice MiHu; whybug's ghost, amateur OgCA


Innate Abilities, Weirdness & Mutations

((You are very nimble when in or above water. (Stealth+, EV+, Speed+++)))
Your lower body shifts to a powerful aquatic tail in water.


Message History

The gnoll is heavily wounded.
You hit the gnoll.
The gnoll looks as sick as possible!
The gnoll is severely wounded.
You feel a bit better.
You kill the gnoll!
The gnoll completely misses you.
The gnoll bouda hits you with a +1 whip of freezing!
The gnoll bouda freezes you.
Your magical contamination has completely faded away.
You hit the gnoll bouda.
The gnoll bouda looks as sick as possible!
The gnoll bouda is severely wounded.
The gnoll completely misses you. x2
The gnoll bouda gazes fiercely through you!
You feel as though you will be weak longer.
The gnoll bouda completely misses you. The gnoll barely misses you.
You hit the gnoll.
The gnoll is poisoned.
The gnoll is moderately wounded.
The gnoll misses you. The gnoll completely misses you.
The gnoll bouda hits you with a +1 whip of freezing!
* * * LOW HITPOINT WARNING * * *
The gnoll bouda freezes you.
* * * LOW HITPOINT WARNING * * *
Okay, then.
Okay, then.
It was a potion of curing.
You feel better.
Your transformation has ended.
Your +0 cloak unmelds from your body.
Your +0 robe unmelds from your body.
You feel a bit better.
You kill the gnoll bouda!
The gnoll closely misses you. The gnoll barely misses you. x2
You have reached level 8!
The gnoll hits you with a +0 whip.
* * * LOW HITPOINT WARNING * * *
The gnoll attacks as you move away! The gnoll hits you with a +0 whip.
* * * LOW HITPOINT WARNING * * *
The gnoll is no longer moving quickly.
The gnoll hits you with a +0 whip.
* * * LOW HITPOINT WARNING * * *
The gnoll hits you from afar with a +0 halberd!
You die...

#.#...###..# .#
#.#...#....##.##
#.........#.... #
#......#.....# #.#
####'####.#+##..# #...
#.....# #.......+ #...
#.....# #.......#
#....#).g..###.......####.
#....'gg.@.....#..........
######).....###..##..PP.P.
#..........#....~.~..
#..........#.#..~P~..
####+###...#....~.~..
.....>.)###.P~.~P.
#.#####.#.....)P.. #
#.)#.#....... #8.....8##.
#)##.#####...


You could see 3 gnolls.

Vanquished Creatures
  Sigmund (D:2)
  An orc warrior (D:3)
  A hound (D:5)
  A gnoll bouda (D:5)
  3 jellies (Sewer)
  Jessica (D:3)
  Terence (D:2)
  2 iguanas
  3 orc wizards (D:4)
  5 gnolls (D:5)
  7 adders
  3 worms
  3 dart slugs
  21 orcs
  22 endoplasms
  8 giant cockroaches
  3 goblins
  9 hobgoblins
  2 jackals (D:2)
  2 quokkas
  15 ball pythons
  8 bats
  9 frilled lizards
  9 kobolds
  15 rats
155 creatures vanquished.

Notes
Turn   | Place    | Note
-------+----------+-------------------------------------------
     0 | D:1      | growler the Merfolk Transmuter began the quest for the Orb.
     0 | D:1      | Reached XP level 1. HP: 15/15 MP: 3/3
    41 | D:1      | Found a bloodstained altar of Trog.
   159 | D:1      | Reached XP level 2. HP: 12/21 MP: 1/5
   256 | D:1      | Learned a level 2 spell: Wereblood
   687 | D:1      | Reached XP level 3. HP: 26/26 MP: 4/6
   691 | D:1      | Learned a level 3 spell: Spider Form
  1266 | D:2      | Identified the ring "Miaheib" {*Corrode rElec rC+ rN+}
  1476 | D:2      | Reached skill level 4 in Unarmed Combat
  1533 | D:2      | Noticed Sigmund
  1556 | D:2      | Killed Sigmund
  1557 | D:2      | Reached skill level 6 in Unarmed Combat
  1557 | D:2      | Reached XP level 4. HP: 23/32 MP: 6/8
  1557 | D:2      | Reached XP level 5. HP: 27/37 MP: 6/9
  1562 | D:2      | Learned a level 4 spell: Ice Form
  1713 | D:2      | Reached XP level 6. HP: 34/43 MP: 8/10
  1869 | D:2      | Noticed Terence
  1888 | D:2      | Killed Terence
  2630 | D:3      | Noticed Jessica
  2640 | D:3      | Killed Jessica
  2757 | D:3      | Reached skill level 7 in Unarmed Combat
  2788 | D:3      | Found a glowing drain.
  2797 | Sewer    | Entered a sewer
  3007 | Sewer    | Found a viscous altar of Jiyva.
  3027 | Sewer    | Reached XP level 7. HP: 38/48 MP: 11/11
  3476 | D:3      | Found a radiant altar of Vehumet.
  3693 | D:4      | Reached skill level 8 in Unarmed Combat
  3961 | D:4      | You fall into a shaft and drop 2 floors!
  3984 | D:5      | Entered Level 5 of the Dungeon
  4037 | D:5      | Found a runed translucent gate.
  4037 | D:5      | Found a runed translucent gate.
  4039 | D:5      | Found a runed translucent gate.
  4041 | D:5      | Noticed whybug's ghost (amateur OgCA)
  4041 | D:5      | Noticed SecretSquirrel's ghost (novice MiHu)
  4118 | D:5      | Reached skill level 9 in Unarmed Combat
  4367 | D:5      | HP: 1/48 [gnoll bouda/+1 whip of freezing (5)]
  4369 | D:5      | Reached XP level 8. HP: 17/54 MP: 4/12
  4371 | D:5      | Slain by a gnoll

Illustrated notes

Levels and vault maps discovered:
D:1:      dpeg_arrival_rooms_a, layout_basic, minmay_hexomino_r4
D:2:      layout_basic, uniq_sigmund, uniq_terence
D:3:      layout_rooms, lemuel_doored_altar, cheibrodos_sewer_entry_drain,
          minivault_24, grunt_ministairs_12, minmay_stone_trees_small,
          dreamdust_wishing_well, minivault_19, minmay_quantized, uniq_jessica
D:4:      layout_rooms
D:5:      layout_basic, gammafunk_ghost_cemetery, minmay_fountain_box,
          dreamdust_gnoll_farm
D:6:      minmay_chambers_of_threes, layout_loops_ring,
          grunt_dithmenos_smoke_and_mirrors, biasface_ghost_orc_armoury,
          hangedman_decor_peaks_small, minmay_ogre_servants

Skill      XL: |  1  2  3  4  5  6  7 |
---------------+----------------------+-----
Transmutations | 3 4 |  4.0
Unarmed Combat | 6 7 9 |  9.5
Spellcasting   | 3 |  3.0
Fighting       | |  1.1
Dodging        | |  2.6

Action                     |  1- 3 |  4- 6 |  7- 9 || total
---------------------------+-------+-------+-------++-------
  Melee: Unarmed           |   130 |   182 |   122 ||   434
         Headbutt          |    14 |     7 |     8 ||    29
         Punch             |     3 |     4 |     9 ||    16
         Tailslap          |       |     3 |       ||     3
   Cast: Beastly Appendage |    21 |    20 |     8 ||    49
         Spider Form       |     1 |     2 |     5 ||     8
         Wereblood         |       |     6 |     5 ||    11
Ability: End Transformatio |       |     1 |       ||     1
    Use: Potion            |     1 |       |     2 ||     3
         Scroll            |       |       |     2 ||     2
   Stab: Sleeping          |     4 |       |     2 ||     6
 Armour: Robe              |    31 |    21 |    17 ||    69
         Skin              |     2 |     2 |       ||     4
  Dodge: Dodged            |    67 |   115 |   102 ||   284
